 Dungeon Crawl Stone Soup version 0.29-a0-344-ge2f44be95a (webtiles) character file.

Game seed: 9968682412137146853

13 Enlil the Vexing (level 2, 0/19 HPs)
             Began as a Vampire Enchanter on Apr 22, 2022.
             Slain by a jackal (3 damage)
             ... on level 1 of the Dungeon.
             The game lasted 00:05:34 (452 turns).

Enlil the Vexing (Vampire Enchanter)                 Turns: 452, Time: 00:05:35

Health: 0/19       AC:  3    Str:  7    XL:     2   Next: 24%
Magic:  5/5        EV: 12    Int: 17    God:
Gold:   25         SH:  0    Dex: 14    Spells: 5/5 levels left

rFire   . . .      SeeInvis +   a - +1 dagger
rCold   . . .      Faith    .   (no shield)
rNeg    . . .      Spirit   .   b - +1 robe
rPois   .          Reflect  .   (no helmet)
rElec   .          Harm     .   (no cloak)
rCorr   .          Rampage  .   (no gloves)
Will    .....                   (no boots)
Stlth   +++.......              (no amulet)
HPRegen 0.26/turn               (no ring)
MPRegen 0.09/turn               (no ring)

@: healing quickly
A: alive, fangs 3, see invisible, vampiric 1
a: Exsanguinate


You were on level 1 of the Dungeon.
You visited 1 branch of the dungeon, and saw 1 of its levels.

You collected 25 gold pieces.

Inventory:

Hand Weapons
 a - a +1 dagger (weapon)
Missiles
 e - 4 poisoned darts (quivered)
Armour
 b - a +1 robe (worn)
Jewellery
 f - a ring of wizardry
Scrolls
 g - a scroll of enchant armour
Potions
 c - 2 potions of invisibility
 d - a potion of magic {unknown}


   Skills:
 + Level 1.1 Short Blades
 + Level 2.3 Dodging
 + Level 4.8 Stealth
 + Level 2.0 Spellcasting
 + Level 4.9 Hexes


You had 5 spell levels left.
You didn't know any spells.
Your spell library contained the following spells:

 Spells                   Type           Power      Damage    Failure   Level
 Confusing Touch          Hex            18%        N/A       8%          3
 Tukima's Dance           Hex            18%        N/A       8%          3
 Ensorcelled Hibernation  Hex/Ice        20%        N/A       11%         2
 Dazzling Flash           Conj/Hex       20%        N/A       21%         3
 Passwall                 Tmut/Erth      0%         N/A       28%         2
 Swiftness                Air            1%         N/A       50%         3


Dungeon Overview and Level Annotations

Branches:
Dungeon (1/15)

Altars:


Innate Abilities, Weirdness & Mutations

Your natural rate of healing is accelerated.
You have razor-sharp teeth.
You have supernaturally acute eyesight. (SInv)
You are afflicted with vampirism.


Message History

The jackal misses you.
You closely miss the jackal.
The jackal is moderately wounded.
The jackal misses you.
You hit the jackal.
You kill the jackal!
The jackal bites you.
You closely miss the jackal. Your punch misses the jackal.
The jackal bites you but does no damage.
You hit the jackal.
The jackal is lightly wounded.
The jackal barely misses you. x2
You closely miss the jackal. Your bite misses the jackal.
The jackal is lightly wounded.
The jackal bites you.
You barely miss the jackal. You bite the jackal.
The jackal is heavily wounded.
The jackal bites you but does no damage. x2
You closely miss the jackal.
The jackal is heavily wounded.
The jackal barely misses you.
You closely miss the jackal.
The jackal is heavily wounded.
The jackal bites you. The jackal attacks as you move away!
The jackal bites you.
* * * LOW HITPOINT WARNING * * *
The jackal bites you.
* * * LOW HITPOINT WARNING * * *
You hit the jackal but do no damage.
The jackal is heavily wounded.
The jackal closely misses you.
You hit the jackal.
You kill the jackal!
You barely miss the jackal. The jackal misses you. The jackal bites you.
* * * LOW HITPOINT WARNING * * *
The jackal bites you.
Keep bloodletting? [Y]es or [N]o only, please.
Keep bloodletting?
You die...

#.# #.......#
#.# #.......#
#.# ###.#####
#.# #K# #.#
#†# #.# #h#
#.# #.#
#.#########.#
#.......@hhK#
#############


You could see 2 jackals and a kobold.

Vanquished Creatures
  An endoplasm (D:1)
  4 goblins (D:1)
  A hobgoblin (D:1)
  2 jackals (D:1)
  2 ball pythons (D:1)
  A rat (D:1)
11 creatures vanquished.

Notes
Turn   | Place    | Note
-------+----------+-------------------------------------------
     0 | D:1      | Enlil the Vampire Enchanter began the quest for the Orb.
     0 | D:1      | Reached XP level 1. HP: 13/13 MP: 3/3
   315 | D:1      | Reached XP level 2. HP: 19/19 MP: 5/5
   452 | D:1      | Slain by a jackal

Illustrated notes

Levels and vault maps discovered:
D:1:      dpeg_arrival_boxes_within_box, layout_basic

Action                   || total
-------------------------++-------
Melee: Dagger            ||    37
       Punch             ||     1
       Bite              ||     2
Throw: Dart              ||    13
 Abil: Exsanguinate      ||     1
  Use: Scroll            ||     2
 Stab: Sleeping          ||     1
Armor: Robe              ||    13
Dodge: Dodged            ||    38

Table legend: (Time is in decaauts)
 A = Elapsed time spent in this place.
 B = Non-inter-level travel time spent in this place.
 C = Inter-level travel time spent in this place.
 D = Time resting spent in this place.
 E = Time spent auto-exploring this place.
 F = Levels seen in this place.
 G = Mean time per level.
                   A        B        C        D        E       F      G
               +--------+--------+--------+--------+--------+-----+--------+
         Total |    450 |    450 |      0 |      5 |      0 |   1 |  450.0 |
       Dungeon |    450 |    450 |      0 |      5 |      0 |   1 |  450.0 |
               +--------+--------+--------+--------+--------+-----+--------+

Top non-repeatable levels by time:
     D:1: 450 daAuts
